 Dungeon Crawl Stone Soup version 0.22-a0-417-g1387785 (webtiles) character file.

29 grindst0ne the Sneak (level 3, 0/16 HPs)
             Began as a Spriggan Enchanter on May 14, 2018.
             Slain by a hobgoblin (3 damage)
             ... on level 1 of the Dungeon.
             The game lasted 00:01:14 (460 turns).

grindst0ne the Sneak (Spriggan Enchanter)            Turns: 460, Time: 00:01:15

Health: 0/16       AC:  2    Str:  4    XL:     3   Next: 1%
Magic:  8/8        EV: 18    Int: 17    God:
Gold:   32         SH:  0    Dex: 16    Spells: 4/7 levels left

rFire    . . .     SeeInvis +   a - +1 dagger
rCold    . . .     Gourm    .   (shield restricted)
rNeg     . . .     Faith    .   b - +0 robe
rPois    .         Spirit   .   (helmet restricted)
rElec    .         Reflect  .   (no cloak)
rCorr    .         Harm     .   (gloves unavailable)
MR       .....                  (boots unavailable)
Stlth    +++.......             (no amulet)
HPRegen  0.05/turn              (no ring)
MPRegen  0.11/turn              (no ring)

@: very quick
A: very small, unfitting armour, see invisible, herbivore, speed 3, slow
metabolism 2
a: no special abilities


You were on level 1 of the Dungeon.
You were not hungry.

You visited 1 branch of the dungeon, and saw 1 of its levels.

You collected 32 gold pieces.

Inventory:

Hand Weapons
 a - a +1 dagger (weapon)
Armour
 b - a +0 robe (worn)
Scrolls
 e - 2 scrolls of identify {unknown}
 f - a scroll of immolation {unknown}
Potions
 c - a potion of curing {unknown}
 g - a potion of agility {unknown}
Comestibles
 d - a ration


   Skills:
 - Level 1.1 Short Blades
 - Level 3.0 Dodging
 + Level 5.5 Stealth
 - Level 2.6 Spellcasting
 + Level 4.4 Hexes


You had 4 spell levels left.
You knew the following spells:

 Your Spells              Type           Power        Failure   Level  Hunger
a - Corona                Hex            ###....      3%          1    #......
b - Ensorcelled Hibernat  Hex/Ice        #.....       11%         2    ##.....

Your spell library contained the following spells:

 Spells                   Type           Power        Failure   Level  Hunger
 Confuse                  Hex            ###.....     9%          3    ###....
 Tukima's Dance           Hex            ###.....     9%          3    ###....
 Dazzling Spray           Conj/Hex       #.....       22%         3    ###....


Dungeon Overview and Level Annotations

Branches:
Dungeon (1/15)

Altars:


Innate Abilities, Weirdness & Mutations

You are very small and have problems with some larger weapons.
You are too small for most types of armour.
You have supernaturally acute eyesight. (SInv)
You are a herbivore.
You cover ground extremely quickly.
You need to consume almost no food.


Message History

You see here a hobgoblin corpse.
Sorry, you're a herbivore.
Found a stone staircase leading down.
e - 2 scrolls labeled BISKEHEU SAEWEOLAL (gained 1)
You start resting.
A hobgoblin comes into view.
You barely miss the hobgoblin.
The hobgoblin shouts!
The hobgoblin misses you.
You hit the hobgoblin.
The hobgoblin is moderately wounded.
The hobgoblin misses you.
You hit the hobgoblin.
The hobgoblin is almost dead.
The hobgoblin hits you.
* * * LOW HITPOINT WARNING * * *
You closely miss the hobgoblin.
The hobgoblin is almost dead.
The hobgoblin hits you.
You die...

...# .# .(.#######.#
...+.......#
..†##.#....#
...).......#
#####....#.. .........#
#.#########
...##....#.#.#.......#
>#..'...........@..>.#
.##.#....#.#.#.g####.#
.##.#....#.#.#....†..#.
.##.#....#.#.#.........#
.##.#(...#.#.#..########
.##.#....#.#.#..#
.##.######.#.#..# .##.#
#.#.#..#
.##.######.#.#..#


You could see a hobgoblin.

Vanquished Creatures
  A gnoll (D:1)
  3 bats (D:1)
  2 goblins (D:1)
  4 hobgoblins (D:1)
  4 jackals (D:1)
  A kobold (D:1)
  A rat (D:1)
16 creatures vanquished.

Notes
Turn   | Place    | Note
-------+----------+-------------------------------------------
     0 | D:1      | grindst0ne the Spriggan Enchanter began the quest for the Orb.
     0 | D:1      | Reached XP level 1. HP: 9/9 MP: 5/5
   127 | D:1      | Reached skill level 5 in Stealth
   127 | D:1      | Reached XP level 2. HP: 9/13 MP: 3/6
   145 | D:1      | Learned a level 2 spell: Ensorcelled Hibernation
   442 | D:1      | Reached XP level 3. HP: 7/16 MP: 8/8
   460 | D:1      | Slain by a hobgoblin

Vault maps used:
D:1:      lemuel_arrival_broad_hall

Skill      XL: |  1 |
---------------+----+-----
Hexes          | 4 |  4.4
Stealth        | 5 |  5.5
Short Blades   | |  1.1
Dodging        | |  3.0
Spellcasting   | |  2.6

Action                   || total
-------------------------++-------
Melee: Dagger            ||    77
 Cast: Corona            ||     6
       Ensorcelled Hiber ||     1
 Stab: Sleeping          ||     5
Armor: Robe              ||     6
Dodge: Dodged            ||    65

Table legend:
 A = Spawn XP
 B = Non-spawn XP
 C = Spawn XP percentage of total XP
 D = Spawn monster count
 E = Non-spawn monster count
 F = Spawn count percentage of total count
 G = Total turns spent on level
                    A         B        C        D         E        F      G
               +---------+---------+-------+---------+---------+-------+---------
         Total |       0 |      42 |   0.0 |       0 |      16 |   0.0 |   460
               +---------+---------+-------+---------+---------+-------+---------
           D:1 |       0 |      42 |   0.0 |       0 |      16 |   0.0 |   460
               +---------+---------+-------+---------+---------+-------+---------
